 Dungeon Crawl Stone Soup version 0.20-a0-509-ga2a529b (webtiles) character file.

6025 M4edhros the Blocker (level 10, -6/69 HPs)
             Began as an Octopode Necromancer on Jan 22, 2017.
             Was an Elder of Cheibriados.
             Mangled by a polar bear (15 damage)
             ... on level 2 of the Lair of Beasts.
             The game lasted 00:23:43 (4123 turns).

M4edhros the Blocker (Octopode Necromancer)         Turns: 4123, Time: 00:23:44

Health: -6/69      AC:  1    Str: 16    XL:     10   Next: 86%
Magic:  14/14      EV: 18    Int: 26    God:    Cheibriados [****..]
Gold:   543        SH: 14    Dex: 26    Spells: 4/13 levels left

rFire    . . .     SeeInvis +     - Unarmed
rCold    . . .     Gourm    .   q - +2 shield
rNeg     + . .     Faith    .   (helmet restricted)
rPois    .         Spirit   .   (no amulet)
rElec    .         Reflect  .   d - ring of see invisible
rCorr    .         Harm     .   j - ring of wizardry
MR       .....                  o - ring of positive energy
Stlth    ++++......             (no ring)
Regen    0.3/turn               (no ring)
                                (no ring)
                                (no ring)
                                (no ring)

@: very slow
A: almost no armour, stealthy swim, amphibious, 8 rings, constrict 8, camouflage
1, gelatinous body 1
a: Bend Time, Temporal Distortion, Slouch, Renounce Religion


You were on level 2 of the Lair of Beasts.
You worshipped Cheibriados.
Cheibriados was greatly pleased with you.
You were not hungry.

You visited 3 branches of the dungeon, and saw 12 of its levels.
You also visited: Ossuary.

You collected 543 gold pieces.

Inventory:

Hand Weapons
 h - a +2 hand axe of chopping
 s - a +2 vampiric hand axe
 z - a +0 blowgun
Missiles
 A - 5 poisoned needles
Armour
 q - a +2 shield (worn)
Magical Staves
 f - an uncursed staff of wizardry
Jewellery
 d - a ring of see invisible (left tentacle)
 j - a ring of wizardry (right tentacle)
 o - a ring of positive energy (on tentacle)
Wands
 l - a wand of lightning (2/15)
 w - a wand of polymorph (16/24)
 x - a wand of iceblast (0/15)
 C - a wand of iceblast (7/15)
 D - a wand of disintegration (1/24)
 F - a wand of enslavement (19/24)
 G - a wand of iceblast (4/15)
Scrolls
 e - 5 scrolls of recharging
 k - 3 scrolls of amnesia
 n - 4 scrolls of remove curse
 p - 2 scrolls of enchant weapon
 r - a scroll of noise
 y - 2 scrolls of immolation
 E - a scroll of magic mapping {unknown}
Potions
 c - a potion of flight
 g - a potion of cancellation
 i - 2 potions of curing
Books
 a - a book of Necromancy

   Spells                             Type                      Level
   a - Pain                           Necromancy                   1
   b - Animate Skeleton               Necromancy                   1
   c - Vampiric Draining              Necromancy                   3
   d - Regeneration                   Charms/Necromancy            3
   e - Animate Dead                   Necromancy                   4
   f - Control Undead                 Necromancy                   4
Comestibles
 b - 5 bread rations
 t - 3 royal jellies
 u - 7 meat rations
 v - 2 fruits
 B - 5 chunks of flesh


   Skills:
 - Level 6.4 Fighting
 - Level 6.8 Dodging
 - Level 2.6 Stealth
 - Level 8.0 Shields
 - Level 7.4 Unarmed Combat
 - Level 2.0 Spellcasting
 - Level 4.0 Necromancy
 + Level 6.5 Invocations
 - Level 3.6 Evocations


You had 4 spell levels left.
You knew the following spells:

 Your Spells              Type           Power        Failure   Level  Hunger
a - Pain                  Necr           ###.         2%          1    None
b - Animate Skeleton      Necr           N/A          2%          1    None
c - Regeneration          Chrm/Necr      ##........   14%         3    ###....
d - Animate Dead          Necr           N/A          22%         4    ####...


Dungeon Overview and Level Annotations

Branches:
Dungeon (9/15)             Temple (1/1) D:5            Lair (2/6) D:9
  Swamp: Lair:2-4    Shoals: Lair:2-4     Snake: Lair:2-4    Spider: Lair:2-4
    Orc: D:9-12

Altars:
Ashenzari
Cheibriados
Dithmenos
Elyvilon
Fedhas
Gozag
Hepliaklqana
Kikubaaqudgha
Makhleb
Nemelex Xobeh
Okawaru
Qazlal
Ru
Sif Muna
Trog
Uskayaw
Vehumet
Xom
Yredelemnul
Zin
The Shining One


Innate Abilities, Weirdness & Mutations

You cannot wear most types of armour.
You are very stealthy in the water. (Stealth+)
You are amphibious.
You can wear up to eight rings at the same time.
You can use your tentacles to constrict eight enemies at once.
Your skin changes colour to match your surroundings (Stealth+).
Your rubbery body absorbs attacks. (AC +1, EV +1)


Message History

Unknown command.
Unknown command.
Okay, then.
Okay, then.
Evoke which item? (* to show all) (? for menu, Esc to quit)
Okay, then.
Really harm your black bear skeleton?
You can feel time thicken for a moment.
You kill the spiny frog!
Cheibriados thoroughly appreciates the change of pace.
You feel somewhat more hungry.
Cheibriados lowers the support of your attributes as your movement quickens.
You block the polar bear's attack. x2; The polar bear claws you.
* * * LOW HITPOINT WARNING * * *
Your black bear skeleton bites the polar bear.
Your black bear skeleton claws the polar bear but does no damage.
Your black bear skeleton claws the polar bear.
Unknown command.
Magic courses through your body. The polar bear bites you!
You die...

.F#.....# ..# ##.#.....
##.## >.
...h.##.###...## ...
.........#>P..# ...
#........≈≈≈.##...
##F....≈≈≈≈.......
#####hP...≈≈≈≈≈≈≈....<
..#P.#.Z%(P≈≈≈#≈≈.......
..P..hh@................
.?..##..##...#.##...<#..
P##.h.....#..#......P...
..(.##.P#..............%
..# ######.P.......##..
. #.##......##..
####..##.P##..
#.########. ## #.


You could see 2 polar bears, 2 black bears, a bullfrog and a friendly black bear
skeleton.

Vanquished Creatures
  The ghost of eskilway the Brawler, a journeyman TrMo of Okawaru (D:9)
  A two-headed ogre (D:9)
  A spiny frog (Lair:2)
  A komodo dragon (Lair:2)
  3 polar bears (Lair:2)
  A wraith (Ossuary)
  A yak (Lair:2)
  A porcupine (D:9)
  3 orc warriors
  Duvessa (D:7)
  6 black bears
  A phantom (D:6)
  2 ogres
  2 centaurs
  2 crocodiles
  10 bullfrogs
  A big kobold (D:8)
  A scorpion (D:8)
  A wyvern skeleton (D:9)
  Dowan (D:7)
  6 killer bees (D:9)
  A howler monkey (D:4)
  The ghost of M4edhros the Grave Robber, a weakling OpNe (D:3)
  A centaur zombie (D:6)
  3 crimson imps
  A centaur skeleton (D:6)
  2 orc priests
  2 jellies
  An orc wizard (D:7)
  A bullfrog skeleton (D:5)
  An iguana (D:4)
  2 worker ants
  A hound zombie (D:8)
  A hound skeleton (D:7)
  A mummy (Ossuary)
  6 gnolls
  6 adders
  An ooze (D:7)
  An adder skeleton (D:9)
  3 worms
  3 dart slugs
  24 orcs
  2 ball pythons
  4 giant cockroaches
  7 goblins
  6 hobgoblins
  11 jackals
  3 quokkas
  4 bats
  4 frilled lizards
  4 gnoll skeletons (Ossuary)
  9 kobolds
  11 kobold skeletons (Ossuary)
  A leopard gecko zombie (D:7)
  10 orc skeletons (Ossuary)
  4 rats
190 creatures vanquished.

Vanquished Creatures (collateral kills)
  A centaur zombie (D:9)
  An orc priest (D:5)
  A howler monkey zombie (D:9)
  A gnoll (D:7)
  An ooze (D:5)
  An orc (D:7)
  A goblin (D:7)
  A jackal (D:2)
  A rat (D:2)
9 creatures vanquished.

Vanquished Creatures (others)
  12 fungi (D:9)
  3 plants (D:9)
  5 toadstools (D:1)
20 creatures vanquished.

Grand Total: 219 creatures vanquished

Notes
Turn   | Place    | Note
-------+----------+-------------------------------------------
     0 | D:1      | M4edhros the Octopode Necromancer began the quest for the Orb.
     0 | D:1      | Reached XP level 1. HP: 11/11 MP: 3/3
    23 | D:1      | Reached skill level 1 in Unarmed Combat
    68 | D:1      | Reached XP level 2. HP: 4/17 MP: 0/5
   113 | D:2      | Learned a level 1 spell: Animate Skeleton
   329 | D:3      | Reached XP level 3. HP: 10/21 MP: 4/6
   335 | D:3      | Learned a level 3 spell: Regeneration
   533 | D:4      | Found a sand-covered staircase.
   556 | Ossuary  | Entered an ossuary
   556 | Ossuary  | Noticed a wraith
   556 | Ossuary  | Noticed a wraith
   556 | Ossuary  | Noticed a wraith
   617 | Ossuary  | Reached XP level 4. HP: 26/27 MP: 1/7
   779 | Ossuary  | Noticed a wraith
   802 | Ossuary  | Killed a wraith
   802 | Ossuary  | Reached XP level 5. HP: 20/34 MP: 3/8
   950 | D:4      | Reached XP level 6. HP: 25/39 MP: 5/9
  1263 | D:5      | Entered Level 5 of the Dungeon
  1283 | D:5      | Reached skill level 1 in Shields
  1283 | D:5      | Reached XP level 7. HP: 46/46 MP: 10/10
  1287 | D:5      | Reached skill level 2 in Shields
  1295 | D:5      | Reached skill level 5 in Unarmed Combat
  1357 | D:5      | Found a staircase to the Ecumenical Temple.
  1375 | Temple   | Entered the Ecumenical Temple
  1433 | Temple   | Became a worshipper of Cheibriados the Contemplative
  1699 | D:1      | Reached * piety under Cheibriados
  1978 | D:3      | Noticed M4edhros's ghost (weakling OpNe)
  1997 | D:3      | Killed M4edhros's ghost
  1997 | D:3      | Reached skill level 3 in Shields
  2355 | D:5      | Reached XP level 8. HP: 48/54 MP: 11/11
  2544 | D:6      | Reached ** piety under Cheibriados
  2544 | D:6      | Reached skill level 4 in Shields
  2780 | D:7      | Noticed Dowan
  2785 | D:7      | Noticed Duvessa
  2793 | D:7      | Killed Dowan
  2793 | D:7      | Reached skill level 5 in Dodging
  2797 | D:7      | Killed Duvessa
  2802 | D:7      | Reached skill level 5 in Shields
  2851 | D:7      | Found an iron altar of Okawaru.
  3120 | D:8      | Reached *** piety under Cheibriados
  3189 | D:8      | Reached skill level 5 in Fighting
  3189 | D:8      | Reached XP level 9. HP: 28/61 MP: 9/12
  3324 | D:8      | HP: 1/61 [orc warrior/short sword (20)]
  3325 | D:8      | Reached skill level 6 in Shields
  3575 | D:9      | Reached **** piety under Cheibriados
  3575 | D:9      | Reached skill level 1 in Invocations
  3614 | D:9      | Learned a level 4 spell: Animate Dead
  3710 | D:9      | Noticed a two-headed ogre
  3721 | D:9      | Killed a two-headed ogre
  3721 | D:9      | Reached skill level 7 in Shields
  3868 | D:9      | Reached XP level 10. HP: 44/68 MP: 13/13
  3897 | D:9      | Reached skill level 1 in Evocations
  3950 | D:9      | Noticed eskilway's ghost (journeyman TrMo)
  3959 | D:9      | Killed eskilway's ghost
  3962 | D:9      | Found a staircase to the Lair.
  3971 | Lair:1   | Entered Level 1 of the Lair of Beasts
  4018 | Lair:1   | Noticed a spiny frog
  4092 | Lair:2   | Reached skill level 8 in Shields
  4109 | Lair:2   | Reached skill level 5 in Invocations
  4109 | Lair:2   | Reached ***** piety under Cheibriados
  4118 | Lair:2   | Noticed a spiny frog
  4122 | Lair:2   | Killed a spiny frog
  4123 | Lair:2   | Mangled by a polar bear

Vault maps used:
D:1:      ldierk_walled_garden
D:2:      minmay_tall_x
D:3:      first_bread
D:4:      lightli_ossuary_entry_decrepit_ruins, portal_sewer_entry_d
D:7:      okawaru_altar_gauntlet_db, uniq_joseph, uniq_duvessa
D:9:      grunt_lair_entry_orc_guard_hut
Temple:   compressed_dpeg_triangle_lava_temple
Lair:1:   beast_lair_carwin_6, minmay_lair_oklob_chamber
Lair:2:   beast_lair_carwin_large_4, minmay_another_anthill, uniq_gastronok
Ossuary:  ossuary_due_mausoleum

Skill      XL: |  1  2  3  4  5  6  7  8  9 10 |
---------------+-------------------------------+-----
Unarmed Combat | 1 2 3 4 5 6 7 |  7.4
Fighting       | 2 3 5 6 |  6.4
Dodging        | 3 4 5 6 |  6.8
Shields        | 1 3 5 7 8 |  8.0
Invocations    | 2 6 |  6.5
Evocations     | 3 |  3.6
Stealth        | |  2.6
Spellcasting   | |  2.0
Necromancy     | |  4.0

Action                   |  1- 3 |  4- 6 |  7- 9 | 10-12 || total
-------------------------+-------+-------+-------+-------++-------
Melee: Unarmed           |    21 |    88 |   292 |    53 ||   454
       Constrict         |    15 |    21 |    66 |     8 ||   110
       Tentacles         |     9 |    12 |    75 |    22 ||   118
       Hand axe          |    34 |       |       |       ||    34
       Punch             |     1 |       |    18 |     2 ||    21
 Cast: Pain              |    16 |       |       |       ||    16
       Animate Skeleton  |     5 |     1 |    21 |     7 ||    34
       Regeneration      |     7 |    10 |    23 |     6 ||    46
Invok: Slouch            |       |       |       |     2 ||     2
Evoke: Wand              |       |     1 |    19 |     6 ||    26
  Use: Potion            |     2 |     4 |     6 |     5 ||    17
       Scroll            |     3 |       |    23 |     1 ||    27
 Stab: Sleeping          |       |     3 |    14 |     1 ||    18
       Invisible         |       |       |     2 |       ||     2
       Distracted        |       |       |       |     1 ||     1
  Eat: Bread ration      |       |     1 |       |       ||     1
       Chunk             |       |       |     7 |     3 ||    10
Armor: Skin              |     4 |    31 |    32 |       ||    67
Dodge: Dodged            |    37 |    50 |   214 |    38 ||   339
Block: Shield            |       |       |    86 |    46 ||   132
